 Dungeon Crawl Stone Soup version 0.17-a0-484-g0e03f6a (webtiles) character file.

465 Magnus the Vexing (level 6, 0/32 HPs)
             Began as a Deep Elf Enchanter on Apr 11, 2015.
             Slain by a hound skeleton (3 damage)
             ... on level 4 of the Dungeon.
             The game lasted 00:14:16 (3263 turns).

Magnus the Vexing (Deep Elf Enchanter)              Turns: 3263, Time: 00:14:17

Health: 0/32       AC:  4    Str:  5    XL:     6   Next: 80%
Magic:  15/15      EV: 14    Int: 22    God:
Gold:   170        SH:  0    Dex: 15    Spells: 3 memorised, 8 levels left

rFire  . . .     SeeInvis .     a - +2 dagger
rCold  . . .     Clarity  .     b - +1 robe
rNeg   . . .     SustAb   .     (no shield)
rPois  .         Gourm    .     (no helmet)
rElec  .         Spirit   .     s - +0 cloak
rCorr  .         Warding  .     (no gloves)
rMut   .         Stasis   .     (no boots)
MR     .....                    i - amulet of regeneration
Stlth  +.........               (no ring)
                                (no ring)

@: confused, not resistant to hostile enchantments, very unstealthy
A: no striking features
a: no special abilities


You were on level 4 of the Dungeon.
You were not hungry.

You visited 1 branch of the dungeon, and saw 4 of its levels.

You collected 170 gold pieces.

Inventory:

Hand weapons
 a - a +2 dagger (weapon)
Armour
 b - a +1 robe (worn)
 s - a +0 cloak (worn)
Jewellery
 i - an amulet of regeneration (around neck)
 q - an uncursed amulet of clarity {unknown}
Magical devices
 o - a wand of magic darts (24)
 v - a wand of polymorph (0)
 A - a wand of cold (6)
Scrolls
 e - 2 scrolls of noise
 j - 2 scrolls of enchant weapon
 k - 2 scrolls of remove curse
 l - a scroll of magic mapping {unknown}
 r - 6 scrolls of identify
 t - 2 scrolls of fear {unknown}
 u - a scroll of immolation
 x - a scroll of enchant armour {unknown}
 y - a scroll of amnesia {unknown}
 B - a scroll of recharging {unknown}
Potions
 g - a potion of invisibility {unknown}
 h - a potion of flight {unknown}
 m - a potion of curing {unknown}
 n - a potion of lignification {unknown}
 p - a potion of cure mutation {unknown}
 w - a potion of agility {unknown}
Books
 c - a book of Maledictions

   Spells                             Type                      Level
   a - Corona                         Hexes                        1
   b - Ensorcelled Hibernation        Hexes/Ice                    2
   c - Confuse                        Hexes                        3
   d - Tukima's Dance                 Hexes                        3
   e - Dazzling Spray                 Conjuration/Hexes            3
Comestibles
 d - 2 bread rations
 f - 3 meat rations
 z - 2 beef jerkies


   Skills:
 + Level 3.2 Short Blades
 + Level 4.6 Dodging
 + Level 5.6 Stealth
 + Level 4.9 Spellcasting
 + Level 5.7 Hexes


You had 8 spell levels left.
You knew the following spells:

 Your Spells              Type           Power        Failure   Level  Hunger
a - Corona                Hex            ####...      1%          1    None
b - Ensorcelled Hibernat  Hex/Ice        ###...       6%          2    None
c - Confuse               Hex            ####....     3%          3    ##.....


Dungeon Overview and Level Annotations

Branches:
Dungeon (4/15)
 Temple: D:4-7

Altars:

Annotations:
D:4 Kisielow's ghost, average GrGl


Message History

The orc priest prays to Beogh.
You feel troubled.
The orc priest mumbles some strange prayers to Beogh against you.
Something smites you!
The orc shouts!
The orc wizard casts a spell at you.
You are more confused.
Kisielow's ghost completely misses you.
The orc priest invokes the aid of Beogh against you.
Something smites you!
Ouch! That really hurt!
* * * LOW HITPOINT WARNING * * *
The orc wizard gestures at you while chanting.
You resist with some effort.
You're too confused!
You're too confused!
Drink which item? (? for menu, Esc to quit)
Okay, then.
You hit the hound skeleton. The hound skeleton bites you.
You die...

###.....# ###......##
#........)##
.........o.#
...#....o..# #
##......## #.......## #
##Zo......# ..#
##.W@.##.......
....#####...######..$..
...........## #####
.......[..##
..........##
.........##
#####....#######
##......รท..####
#............##


You could see an orc priest, an orc wizard, Kisielow's ghost, an orc and a hound
skeleton.

Vanquished Creatures
  Grinder (D:3)
  A centaur (D:4)
  A hound (D:4)
  Crazy Yiuf (D:2)
  A worker ant (D:4)
  Robin (D:2)
  2 adders (D:2)
  2 worms (D:2)
  A giant gecko (D:2)
  An ooze (D:1)
  2 orcs
  5 giant cockroaches
  11 goblins
  7 hobgoblins
  8 jackals
  6 kobolds
  10 bats
  A giant newt (D:1)
  2 quokkas (D:2)
  7 rats
  A fungus (D:2)
72 creatures vanquished.

Notes
Turn   | Place    | Note
--------------------------------------------------------------
     0 | D:1      | Magnus, the Deep Elf Enchanter, began the quest for the Orb.
     0 | D:1      | Reached XP level 1. HP: 10/10 MP: 6/6
   364 | D:1      | Reached XP level 2. HP: 6/15 MP: 4/8
  1175 | D:2      | Noticed Robin
  1176 | D:2      | Killed Robin
  1184 | D:2      | Reached XP level 3. HP: 12/19 MP: 9/9
  1379 | D:2      | Learned a level 2 spell: Ensorcelled Hibernation
  1478 | D:2      | Noticed Crazy Yiuf
  1483 | D:2      | Killed Crazy Yiuf
  1483 | D:2      | Reached XP level 4. HP: 24/24 MP: 5/11
  2349 | D:2      | Learned a level 3 spell: Confuse
  2484 | D:3      | Noticed Grinder
  2521 | D:3      | Killed Grinder
  2521 | D:3      | Reached skill level 5 in Stealth
  2521 | D:3      | Reached skill level 5 in Hexes
  2521 | D:3      | Reached XP level 5. HP: 16/28 MP: 2/13
  2521 | D:3      | Reached XP level 6. HP: 18/32 MP: 2/14
  3221 | D:4      | Noticed Kisielow's ghost (average GrGl)
  3263 | D:4      | Slain by a hound skeleton

Action                   |  1- 3 |  4- 6 || total
-------------------------+-------+-------++-------
Melee: Dagger            |   142 |   195 ||   337
 Cast: Corona            |     7 |       ||     7
       Ensorcelled Hiber |     3 |    18 ||    21
       Confuse           |       |     6 ||     6
  Use: Scroll            |       |     6 ||     6
 Stab: Sleeping          |     4 |    16 ||    20
       Confused          |       |     4 ||     4
  Eat: Chunk             |     2 |     7 ||     9
